 Dungeon Crawl Stone Soup version 0.32-a0-7-ge934b4519a (webtiles) character file.

Game seed: 844176228118302454

18 Xavori the Trooper (level 2, 0/25 HPs)
             Began as a Djinni Chaos Knight on Jan 13, 2024.
             Was a Plaything of Xom.
             Slain by a goblin
             ... wielding a +0 club
              (1 damage)
             ... on level 1 of the Dungeon.
             The game lasted 00:00:22 (495 turns).

Xavori the Trooper (Djinni Chaos Knight)             Turns: 495, Time: 00:00:22

Health: 0/25       AC:  5    Str: 11    XL:     2   Next: 85%
Gold:   62         EV: 12    Int: 13    God:    Xom [..*...] SH:  0 Dex: 12

rFire   + + .        a - +0 falchion (chaos)
rCold   x . .        (no shield)
rNeg    . . .        b - +2 leather armour
rPois   ∞            (no helmet)
rElec   .            (no cloak)
rCorr   .            (no gloves)
SInv    .            (boots unavailable)
Will    .....        (no amulet)
Stlth   +            (no ring)
HPRegen 0.24/turn    (no ring)
MPRegen 0.00/turn

%: infuse magic (-1 HP)
@: flying
A: sickness immunity, fire resistance 2, cold vulnerability 1, float, innate
caster, HP casting, extra vitality 1
a: Renounce Religion


You were on level 1 of the Dungeon.
You worshipped Xom.
You were a toy of Xom.
You visited 1 branch of the dungeon, and saw 1 of its levels.

You collected 62 gold pieces.

Inventory:

Hand Weapons
 a - a +0 falchion of chaos (weapon)
Armour
 b - a +2 leather armour (worn)
Scrolls
 c - a scroll of butterflies
Potions
 d - 2 potions of mutation {unknown}


   Skills:
 + Level 3.1 Fighting
 + Level 2.8 Long Blades
 + Level 1.3 Armour
 + Level 2.4 Dodging
 * Level 0.8 Spellcasting
 * Level 0.8 Conjurations
 * Level 0.8 Hexes
   Level 0.0 Charms
 * Level 0.8 Summonings
 * Level 0.8 Necromancy
 * Level 0.8 Translocations
   Level 0.0 Transmutations
 * Level 0.8 Fire Magic
 * Level 0.8 Ice Magic
 * Level 0.8 Air Magic
 * Level 0.8 Earth Magic
 * Level 0.8 Alchemy You didn't know any spells. Your spell library was empty.

Dungeon Overview and Level Annotations

Branches:
Dungeon (1/15)

Altars:


Innate Abilities, Weirdness & Mutations

You are immune to sickness and miasma.
You are immune to poison.
Your flesh is very heat resistant. (rF++)
You are vulnerable to cold. (rC-)
You float through the air rather than walking.
You learn spells naturally, not from books.
Your magical power is your life essence.
You have superior vitality. (+4 MHP)


Message History

The frilled lizard bites you.
A frilled lizard is nearby!
You miss the frilled lizard.
The frilled lizard hisses.
The frilled lizard barely misses you.
A frilled lizard is nearby!
You hit the frilled lizard. You burn the frilled lizard.
You kill the frilled lizard!
A gnoll comes into view.
It is wielding a +2 flail of protection.
Found 9 gold pieces.
The gnoll shouts!
A goblin comes into view. It is wielding a +0 club.
The goblin shouts!
There are monsters nearby!
The gnoll hits you with a +2 flail of protection.
There are monsters nearby!
You hit the gnoll but do no damage. The gnoll closely misses you.
The goblin hits you but does no damage.
The gnoll hits you with a +2 flail of protection!
The goblin misses you.
There are monsters nearby!
You hit the gnoll but do no damage.
The gnoll seems to slow down.
The gnoll is no longer moving slowly.
The goblin barely misses you.
There are monsters nearby!
You hit the gnoll but do no damage.
The gnoll hits you with a +2 flail of protection!
* * * LOW HITPOINT WARNING * * *
The goblin hits you with a +0 club.
* * * LOW HITPOINT WARNING * * *
The gnoll closely misses you.
You are too injured to fight recklessly!
You are too injured to fight recklessly!
You are too injured to fight recklessly!
You barely miss the gnoll. The goblin misses you. The gnoll barely misses you.
You barely miss the gnoll. The goblin hits you but does no damage.
The gnoll barely misses you.
You hit the gnoll. You burn the gnoll.
The gnoll is heavily wounded.
The goblin hits you with a +0 club.
You die...

......†..#.#.#
...#.#..###..#####
####.#.## ##.....#
####.#..###..###.#
.....###.#.### #.#
######
##.######.### #
### #.....$# #
#.##.#.# # # #@#.#
####. ..#
#..gg....# ##....
...# #........#
...# ...#
#..#.#...# ##.#
... #........#
...###.#
#..##.#..#
#......# #. .....#
#.#..### ## .....#
.....# #.#


You could see a gnoll and a goblin.

Vanquished Creatures
  A bat (D:1)
  An endoplasm (D:1)
  A quokka (D:1)
  3 ball pythons (D:1)
  2 frilled lizards (D:1)
  5 goblins (D:1)
  2 kobolds (D:1)
  3 rats (D:1)
18 creatures vanquished.

Notes
Turn   | Place    | Note
-------+----------+-------------------------------------------
     0 | D:1      | Xavori the Djinni Chaos Knight began the quest for the Orb.
     0 | D:1      | Reached XP level 1. HP: 20/20 MP: 0/0
   123 | D:1      | Reached XP level 2. HP: 5/25 MP: 0/0
   169 | D:1      | XOM: cloud trail
   281 | D:1      | XOM: silly message
   425 | D:1      | XOM: silly message
   492 | D:1      | HP: 1/25 [goblin/+0 club (4)]
   495 | D:1      | Slain by a goblin

Illustrated notes

Levels and vault maps discovered:
D:1:      lemuel_arrival_broad_hall, layout_loops_cross

Action                     || total
---------------------------++-------
  Melee: Falchion          ||    52
 Armour: Leather armour    ||    47
  Dodge: Dodged            ||    30

Table legend: (Time is in decaauts)
 A = Elapsed time spent in this place.
 B = Non-inter-level travel time spent in this place.
 C = Inter-level travel time spent in this place.
 D = Time resting spent in this place.
 E = Time spent auto-exploring this place.
 F = Levels seen in this place.
 G = Mean time per level.
                   A        B        C        D        E       F      G
               +--------+--------+--------+--------+--------+-----+--------+
         Total |    503 |    503 |      0 |     89 |    299 |   1 |  503.0 |
       Dungeon |    503 |    503 |      0 |     89 |    299 |   1 |  503.0 |
               +--------+--------+--------+--------+--------+-----+--------+

Top non-repeatable levels by time:
     D:1: 503 daAuts
